 Dungeon Sprint DCSS version 0.19-a0-1442-g3b32ff5 (webtiles) character file.

2547 poirepourri the Fighter (level 9, -7/103 HPs)
             Began as a Deep Dwarf Fighter on Sept 5, 2016.
             Was a Believer of Makhleb.
             Mangled by Sonja
             ... wielding a +0 dagger of distortion
              (18 damage)
             ... in the Dungeon (Sprint I: "Red Sonja").
             The game lasted 00:03:53 (498 turns).

poirepourri the Fighter (Deep Dwarf Fighter)         Turns: 498, Time: 00:03:53

Health: -7/103     AC:  6    Str: 20    XL:     9   Next: 30%
Magic:  7/7        EV: 13    Int: 10    God:    Makhleb [**....]
Gold:   540        SH: 10    Dex: 14    Spells: 0 memorised, 8 levels left

rFire  . . .     SeeInvis .     a - +0 war axe
rCold  . . .     Gourm    .     b - +0 scale mail
rNeg   . . .     Faith    .     c - +1 shield
rPois  .         Spirit   .     (no helmet)
rElec  .         Dismiss  .     (no cloak)
rCorr  .         Reflect  .     (no gloves)
MR     +....     Harm     .     (no boots)
Stlth  .......... NoTele   +    (no amulet)
                                (no ring)
                                (no ring)

@: non-regenerating, slowed, very slow
A: damage resistance, recharge devices, sense surroundings 2, slow regeneration
3
a: Device Recharging, Minor Destruction, Renounce Religion


You were in the Dungeon.
You worshipped Makhleb.
Makhleb was pleased with you.
You were not hungry.

You visited 1 branch You collected 645 gold pieces.
You spent 105 gold pieces at shops.

Inventory:

Hand Weapons
 a - a +0 war axe (weapon)
Armour
 b - a +0 scale mail (worn)
 c - a +1 shield (worn)
Wands
 e - a wand of heal wounds (2/9)
Potions
 g - a potion of curing
 j - 2 potions of magic
Comestibles
 f - a bread ration


   Skills:
 + Level 13.6 Fighting
 + Level 12.3 Axes
 - Level 3.2 Armour
 + Level 10.0 Dodging
 - Level 3.2 Shields
 + Level 6.5 Evocations


You had 8 spell levels left.
You didn't know any spells.

Dungeon Overview and Level Annotations

Branches:
Dungeon (1/1)

Altars:
Cheibriados
Dithmenos
Elyvilon
Fedhas
Gozag
Hepliaklqana
Kikubaaqudgha
Makhleb
Nemelex Xobeh
Okawaru
Qazlal
Ru
Sif Muna
Trog
Uskayaw
Vehumet
Xom
Yredelemnul
Zin
The Shining One
Jiyva
Lugonu

Shops:
D ?[

Annotations:
D exclusion: oklob plant, Sonja


Innate Abilities, Weirdness & Mutations

You are resistant to damage.
You can recharge devices by infusing magical energy.
You passively map the area around you.
You do not regenerate.


Message History

You feel a strange sense of stasis. Sonja closely misses you.
Sonja hits you with an uncursed dagger of distortion.
Space bends around you. Sonja hits you but does no damage.
Space bends around you.
You completely miss Sonja.
Sonja is almost dead.
Sonja hits you with an uncursed dagger of distortion.
Space warps horribly around you!
* * * LOW HITPOINT WARNING * * *
Sonja hits you with an uncursed dagger of distortion.
Space warps horribly around you!
* * * LOW HITPOINT WARNING * * *
Sonja hits you but does no damage. Space bends around you.
* * * LOW HITPOINT WARNING * * *
Sonja plants her feet in a plie.
You block Sonja's attack.
Sonja hits you with an uncursed dagger of distortion.
* * * LOW HITPOINT WARNING * * *
Space warps horribly around you!
You die...

#..#####'#####(#__#### *
#..####..#...#)####§§####
#..#__####..##)#≈≈≈§§#§.#
+
#..#_____##'#.§§§≈≈..§§.#,
,
#⌠⌠#_.∩...'..._#≈≈§§§#.§#
####_..__##_.#'##'#####§#
, ,#_____###+#[#§..)###P+
*, *
#########.####'###.### ,
+$@K((....')∩# * * +
#$.$########## ,* * ,
##.##* , , * ,, #+# , ,, ,
, ,, + * * * , , , ,, * *
, , , * * , +, , , , ≈* *
, * , , ,,


You could see Sonja.

Vanquished Creatures
  2 centaur warriors (D)
  A deep troll (D)
  A slime creature (D)
  Sigmund (D)
  A yak (D)
  An ogre (D)
  A wasp (D)
  A jelly (D)
  Ijyb (D)
10 creatures vanquished.

Notes
Turn   | Place    | Note
-------+----------+-------------------------------------------
     0 | D        | poirepourri the Deep Dwarf Fighter began the quest for the Orb.
     0 | D        | Reached XP level 1. HP: 20/20 MP: 1/1
     2 | D        | Noticed Ijyb
    21 | D        | Killed Ijyb
    21 | D        | Reached skill level 5 in Fighting
    21 | D        | Reached skill level 1 in Dodging
    21 | D        | Reached XP level 2. HP: 12/32 MP: 2/2
    26 | D        | Noticed an ogre
    31 | D        | Killed an ogre
    31 | D        | Reached skill level 7 in Fighting
    31 | D        | Reached skill level 5 in Axes
    31 | D        | Reached XP level 3. HP: 40/43 MP: 3/3
    31 | D        | Reached XP level 4. HP: 47/51 MP: 4/4
    45 | D        | Noticed Sigmund
    51 | D        | Killed Sigmund
    51 | D        | Reached skill level 9 in Fighting
    51 | D        | Reached skill level 1 in Evocations
    51 | D        | Reached XP level 5. HP: 57/63 MP: 4/6
    51 | D        | Reached XP level 6. HP: 65/72 MP: 4/7
    64 | D        | Found a burning altar of Makhleb.
    64 | D        | Found a viscous altar of Jiyva.
    64 | D        | Found a shimmering altar of Xom.
    64 | D        | Found a corrupted altar of Lugonu.
    64 | D        | Noticed a slime creature
    71 | D        | Killed a slime creature
    71 | D        | Reached skill level 10 in Fighting
    71 | D        | Reached skill level 5 in Dodging
    75 | D        | Became a worshipper of Makhleb the Destroyer
   101 | D        | Found a deep blue altar of Sif Muna.
   103 | D        | Found a radiant altar of Vehumet.
   107 | D        | Reached skill level 11 in Fighting
   140 | D        | Found Uzxeusih's Magic Scroll Emporium.
   140 | D        | Found an ancient bone altar of Kikubaaqudgha.
   140 | D        | Found a hazy altar of Hepliaklqana.
   140 | D        | Found a stormy altar of Qazlal.
   140 | D        | Found a hide-covered altar of Uskayaw.
   140 | D        | Found a blossoming altar of Fedhas.
   140 | D        | Found a bloodstained altar of Trog.
   140 | D        | Found an iron altar of Okawaru.
   140 | D        | Found a basalt altar of Yredelemnul.
   140 | D        | Found a glowing golden altar of the Shining One.
   140 | D        | Found a snail-covered altar of Cheibriados.
   140 | D        | Found a sacrificial altar of Ru.
   140 | D        | Found a glowing silver altar of Zin.
   140 | D        | Found a shadowy altar of Dithmenos.
   140 | D        | Found a white marble altar of Elyvilon.
   140 | D        | Noticed a yak
   147 | D        | Killed a yak
   147 | D        | Reached XP level 7. HP: 57/81 MP: 8/8
   148 | D        | Found an opulent altar of Gozag.
   149 | D        | Found a sparkling altar of Nemelex Xobeh.
   153 | D        | Bought a scroll of enchant armour for 105 gold pieces
   170 | D        | Noticed a centaur warrior
   171 | D        | Noticed a centaur warrior
   190 | D        | Killed a centaur warrior
   190 | D        | Reached * piety under Makhleb
   190 | D        | Reached skill level 12 in Fighting
   190 | D        | Reached skill level 10 in Axes
   190 | D        | Reached XP level 8. HP: 93/93 MP: 7/10
   197 | D        | Killed a centaur warrior
   197 | D        | Reached skill level 13 in Fighting
   218 | D        | Paralysed by a wasp for 2 turns
   224 | D        | Gained mutation: You passively map the area around you. [Deep Dwarf growth]
   224 | D        | Reached XP level 9. HP: 55/102 MP: 11/11
   238 | D        | Noticed an oklob plant
   288 | D        | Noticed a deep troll
   371 | D        | HP: 4/102 [deep troll (2)]
   377 | D        | Killed a deep troll
   377 | D        | Reached ** piety under Makhleb
   377 | D        | Reached skill level 10 in Dodging
   470 | D        | Found Veyn Vie's Armour Emporium.
   486 | D        | Noticed Sonja
   498 | D        | Mangled by Sonja

Vault maps used:
D:        dungeon_sprint_1

Skill      XL: |  1  2  3  4  5  6  7  8  9 |
---------------+----------------------------+-----
Fighting       | 5 7 9 11 12 13 | 13.6
Axes           | 3 5 6 8 10 11 12 | 12.3
Dodging        | 1 2 4 5 7 8 10 | 10.0
Evocations     | 1 2 4 6 |  6.5
Armour         | |  3.2
Shields        | |  3.2

Action                   |  1- 3 |  4- 6 |  7- 9 || total
-------------------------+-------+-------+-------++-------
Melee: War axe           |    22 |    19 |    96 ||   137
Invok: Minor Destruction |       |       |     1 ||     1
 Abil: Device Recharging |       |       |     6 ||     6
Evoke: Wand              |     1 |     2 |    27 ||    30
  Use: Potion            |     1 |       |     5 ||     6
       Scroll            |       |       |     3 ||     3
Armor: Scale mail        |     1 |     2 |    30 ||    33
Dodge: Dodged            |     4 |     4 |    66 ||    74
Block: Shield            |    13 |     7 |    76 ||    96
